 Dungeon Crawl Stone Soup version 0.29-a0-1043-g569b05d6ff (webtiles) character file.

Game seed: 1435945528124712932

103 jlumianski the Chopper (level 4, -3/34 HPs)
             Began as a Demonspawn Gladiator on Aug 16, 2022.
             Slain by an ogre
             ... wielding a +0 giant spiked club
              (25 damage)
             ... on level 3 of the Dungeon.
             The game lasted 00:04:13 (1330 turns).

jlumianski the Chopper (Demonspawn Gladiator)       Turns: 1330, Time: 00:04:14

Health: -3/34      AC:  9    Str: 17    XL:     4   Next: 51%
Magic:  4/4        EV:  7    Int:  9    God:
Gold:   64         SH:  0    Dex: 14    Spells: 3/3 levels left

rFire   . . .      SeeInvis .   a - +0 war axe
rCold   . . .      Faith    .   (no shield)
rNeg    . . .      Spirit   .   j - +0 chain mail
rPois   .          Reflect  .   c - +0 helmet
rElec   .          Harm     .   (no cloak)
rCorr   .          Rampage  .   (no gloves)
Will    .....                   (no boots)
Stlth   ..........              (no amulet)
HPRegen 0.11/turn               (no ring)
MPRegen 0.09/turn               (no ring)

@: no status effects
A: foul stench 1
a: no special abilities


You were on level 3 of the Dungeon.
You visited 1 branch of the dungeon, and saw 3 of its levels.

You collected 64 gold pieces.

Inventory:

Hand Weapons
 a - a +0 war axe (weapon)
Missiles
 d - 3 throwing nets
 e - a javelin
 i - 13 stones (quivered)
Armour
 b - a +0 leather armour
 c - a +0 helmet (worn)
 j - a +0 chain mail (worn)
Wands
 m - a wand of charming (5)
Scrolls
 f - 2 scrolls of identify {unknown}
 h - a scroll of fear {unknown}
 l - a scroll of teleportation {unknown}
Potions
 g - a potion of degeneration {unknown}
 k - a potion of mutation {unknown}


   Skills:
 + Level 2.5 Fighting
 + Level 4.3 Axes
 + Level 1.8 Throwing
 + Level 0.4 Armour
 + Level 2.9 Dodging
 + Level 0.1 Stealth


You had 3 spell levels left.
You didn't know any spells.
Your spell library was empty.

Dungeon Overview and Level Annotations

Branches:
Dungeon (3/15)

Altars:

Shops:
D:1 =


Innate Abilities, Weirdness & Mutations

You may rarely emit foul miasma when damaged in melee.


Message History

You feel sick.
The adder bites you but does no damage. x2
You barely miss the adder.
The adder is lightly wounded.
You feel sick. The adder barely misses you.
You closely miss the adder. Your punch misses the adder.
The adder is lightly wounded.
You feel sick.
You are no longer poisoned.
The adder completely misses you. The adder bites you.
You hit the adder.
The adder is lightly wounded.
The adder bites you but does no damage. The adder bites you.
You barely miss the adder.
The adder is lightly wounded.
The adder barely misses you.
You hit the adder.
The adder is moderately wounded.
The adder bites you but does no damage. The adder closely misses you.
You hit the adder.
The adder is heavily wounded.
The adder bites you but does no damage. x2
You hit the adder.
The adder is severely wounded.
The adder closely misses you.
You barely miss the adder.
The adder is severely wounded.
The adder bites you but does no damage. The adder barely misses you.
You slash the adder!
You kill the adder!
You see here an adder corpse.
The goblin shouts!
You see here an adder corpse.
An ogre comes into view. It is wielding a +0 giant spiked club.
The ogre shouts!
You closely miss the goblin. The goblin hits you with a +0 dagger.
You barely miss the goblin.
The goblin hits you but does no damage. x2
The ogre attacks as you move away!
The ogre hits you with a +0 giant spiked club!!
Ouch! That really hurt!
You die...

#.................#
#......<..........#
#.................#
#########...........
#..........#
#.....####.#
#.....####.#
#..Og......#
#...@......#
#..........#
#...†......#
#..........#
#..........#
#..........#
#............#
#............#
..............#


You could see an ogre and a goblin.

Vanquished Creatures
  Jessica (D:2)
  5 adders
  3 bats
  3 endoplasms (D:2)
  A giant cockroach (D:2)
  3 goblins
  A hobgoblin (D:2)
  7 kobolds
  A quokka (D:1)
  6 ball pythons
  A frilled lizard (D:1)
  4 rats
36 creatures vanquished.

Notes
Turn   | Place    | Note
-------+----------+-------------------------------------------
     0 | D:1      | jlumianski the Demonspawn Gladiator began the quest for the
                  | Orb.
     0 | D:1      | Reached XP level 1. HP: 16/16 MP: 1/1
   179 | D:1      | Reached skill level 3 in Axes
   233 | D:1      | Gained mutation: You may rarely emit foul miasma when
                  | damaged in melee. [demonic ancestry]
   233 | D:1      | Reached XP level 2. HP: 22/22 MP: 2/2
   260 | D:1      | Found Vif Ost's Jewellery Emporium.
   896 | D:1      | Reached XP level 3. HP: 26/27 MP: 3/3
  1093 | D:2      | Reached skill level 4 in Axes
  1142 | D:2      | Noticed Jessica
  1148 | D:2      | Killed Jessica
  1149 | D:2      | Reached XP level 4. HP: 27/34 MP: 4/4
  1326 | D:3      | Noticed an ogre
  1330 | D:3      | Slain by an ogre

Illustrated notes

Levels and vault maps discovered:
D:1:      amcnicky_arrival_choice, layout_loops_ring, serial_shops, shop,
          minmay_misc_feat_room
D:2:      layout_rooms, serial_glass, glass_columns_a, glass_columns_a,
          basic_ecumenical_altar, uniq_jessica
D:3:      layout_basic, ebering_ghost_sewer_f, uniq_terence

Skill      XL: |  1  2  3 |
---------------+----------+-----
Axes           | 3 4 |  4.3
Fighting       | |  2.5
Throwing       | |  1.8
Armour         | |  0.4
Dodging        | |  2.9
Stealth        | |  0.1

Action                   |  1- 3 |  4- 6 || total
-------------------------+-------+-------++-------
Melee: War axe           |    80 |    21 ||   101
Throw: Stone             |     7 |       ||     7
Armor: Leather armour    |    17 |       ||    17
       Chain mail        |    38 |    16 ||    54
Dodge: Dodged            |    45 |     8 ||    53

Table legend: (Time is in decaauts)
 A = Elapsed time spent in this place.
 B = Non-inter-level travel time spent in this place.
 C = Inter-level travel time spent in this place.
 D = Time resting spent in this place.
 E = Time spent auto-exploring this place.
 F = Levels seen in this place.
 G = Mean time per level.
                   A        B        C        D        E       F      G
               +--------+--------+--------+--------+--------+-----+--------+
         Total |   1365 |   1337 |     28 |     90 |    778 |   3 |  455.0 |
       Dungeon |   1365 |   1337 |     28 |     90 |    778 |   3 |  455.0 |
               +--------+--------+--------+--------+--------+-----+--------+

Top non-repeatable levels by time:
     D:1: 920 daAuts
     D:2: 402 daAuts
     D:3: 41 daAuts
